 Dungeon Crawl Stone Soup version 0.31-a0-152-g6aa68a64a1 (webtiles) character file.

Game seed: 15316670667174434618

196 qw the Shooter (level 5, -24/32 HPs)
             Began as a Gargoyle Hunter on June 9, 2023.
             Was an Initiate of Okawaru.
             Annihilated by an ogre
             ... wielding a +0 giant club
              (27 damage)
             ... on level 4 of the Dungeon.
             The game lasted 00:03:18 (3161 turns).

qw the Shooter (Gargoyle Hunter)                    Turns: 3161, Time: 00:03:18

Health: -24/32     AC:  9    Str: 14      XL:     5   Next: 74%
Magic:  5/5        EV: 10    Int:  8 (10) God:    Okawaru [......]
Gold:   104        SH:  0    Dex: 13 (15) Spells: 4/4 levels left

rFire   . . .        Y - +0 shortbow (flame)
rCold   . . .        (shield currently unavailable)
rNeg    + + .        l - +0 ring mail
rPois   inf          (no helmet)
rElec   +            (no cloak)
rCorr   .            (no gloves)
SInv    .            (no boots)
Will    +....        (no amulet)
Stlth   +            g - ring of positive energy
HPRegen 0.25/turn    k - ring of willpower
MPRegen 0.09/turn

%: no passive effects
@: no status effects
A: sickness immunity, AC +4, negative energy resistance 1, electricity
resistance, torment resistance 1, petrification resistance
a: Renounce Religion


You were on level 4 of the Dungeon.
You worshipped Okawaru.
Okawaru was noncommittal.
You visited 2 branches of the dungeon, and saw 5 of its levels.

You collected 104 gold pieces.


Innate Abilities, Weirdness & Mutations

You are immune to sickness and miasma.
Your stone body is resilient. (AC +4)
You are immune to poison.
You resist negative energy. (rN+)
You are resistant to electric shocks. (rElec)
You are resistant to unholy torment.
You are immune to petrification.


   Skills:
 + Level 3.5 Fighting
 - Level 6.1 Ranged Weapons
 - Level 1.0 Armour
 - Level 1.5 Dodging
 - Level 1.1 Stealth


You had 4 spell levels left.
You didn't know any spells.
Your spell library was empty.

Inventory:

Hand Weapons
 Y - a +0 shortbow of flaming (weapon)
Armour
 l - a +0 ring mail (worn)
Jewellery
 g - a ring of positive energy (left hand)
 k - a ring of willpower (right hand)
Scrolls
 c - a scroll of noise {unknown}
 i - 2 scrolls of identify
Potions
 a - a potion of lignification {unknown}
 b - a potion of might
 d - a potion of cancellation {unknown}
 e - a potion of mutation {unknown}
 h - a potion of resistance {unknown}
 j - a potion of curing

Dungeon Overview and Level Annotations

Branches:
Dungeon (4/15)             Temple (1/1) D:4

Altars:
Ashenzari
Cheibriados
Dithmenos
Elyvilon
Gozag
Makhleb
Nemelex Xobeh
Okawaru
Qazlal
Sif Muna
Trog
Yredelemnul
Zin
The Shining One

Shops:
D:2 =

Annotations:
D:3 3 runed translucent doors, qw's ghost, amateur MiHu


Message History

c - a scroll labelled ISTRAKI WEUXKUI
Enter note:
Enter note:
Found a stone staircase leading down.
Enter note:
Enter note:
i - 2 scrolls of identify (gained 1)
There is a stone staircase leading down here.
An ogre comes into view. It is wielding a +0 giant club.
The ogre shouts!
Enter note:
Enter note: You shoot an arrow.
The arrow barely misses the ogre.
You shoot an arrow. The arrow hits the ogre.
The arrow burns the ogre.
The ogre is lightly wounded.
You shoot an arrow.
The arrow hits the ogre but does no damage.
The ogre is lightly wounded.
You shoot an arrow. The arrow hits the ogre.
The arrow burns the ogre.
The ogre is lightly wounded.
The ogre hits you with a +0 giant club!
You shoot an arrow. The arrow hits the ogre.
The arrow burns the ogre.
The ogre is moderately wounded.
The ogre hits you with a +0 giant club!!
Ouch! That really hurt!
You shoot an arrow. The arrow hits the ogre.
The arrow burns the ogre.
The ogre is moderately wounded.
The ogre closely misses you.
You shoot an arrow.
The arrow hits the ogre but does no damage.
The ogre is moderately wounded.
The ogre closely misses you.
You shoot an arrow. The arrow hits the ogre.
The arrow burns the ogre.
The ogre is heavily wounded.
You shoot an arrow.
The arrow hits the ogre but does no damage.
The ogre is heavily wounded.
The ogre hits you with a +0 giant club!!
Ouch! That really hurt!
You die...

### ## #########.#### ..
..........>..# .#
##.....###.##.#
.##....##.....##.#
....#.#####.#.##@#
...##.#.......##.O......
........#..#..##########
#.#.####...#...##
#.#.###...###...##
#................#
#.#.#...#.....#...#
....#.###..>..###.#
........#.....#...#


You could see an ogre.

Vanquished Creatures
  An orc priest (D:4)
  2 orc wizards
  4 adders
  3 dart slugs
  5 orcs
  5 ball pythons
  6 endoplasms
  A giant cockroach (D:1)
  5 hobgoblins
  6 jackals
  6 kobolds
  4 quokkas
  9 bats
  3 frilled lizards
  4 goblins
  4 rats
68 creatures vanquished.

Notes
Turn   | Place    | Note
-------+----------+-------------------------------------------
     0 | D:1      | qw the Gargoyle Hunter began the quest for the Orb.
     0 | D:1      | Reached XP level 1. HP: 12/12 MP: 1/1
     0 | D:1      | 0 ||| qw: Version: 0.2-a-120-g592f744
     0 | D:1      | 0 ||| qw: Game counter: 3156
     0 | D:1      | 0 ||| qw: Always use a shield: true
     0 | D:1      | 0 ||| qw: God list: Okawaru
     0 | D:1      | 0 ||| qw: Allow faded altars: false
     0 | D:1      | 0 ||| qw: Do Orc after D:15 true
     0 | D:1      | 0 ||| qw: Do second Lair branch before Depths: true
     0 | D:1      | 0 ||| qw: Lair rune preference: random
     0 | D:1      | 0 ||| qw: Plans: Normal
     0 | D:1      | 0 ||| PLANNING D:1-11
   132 | D:1      | Reached XP level 2. HP: 17/17 MP: 2/2
   324 | D:1      | Reached XP level 3. HP: 21/21 MP: 3/3
   365 | D:1      | Reached skill level 5 in Ranged Weapons
   701 | D:1      | 701 ||| READING scroll labelled ZOVUCH YMOM.
   702 | D:1      | 702 ||| DROPPING scroll of butterflies.
  1133 | D:2      | Found Coraalith's Jewellery Emporium.
  1135 | D:2      | 1135 ||| SHOPLISTING +6 ring of dexterity (432 gold, have
                  | 63).
  1135 | D:2      | 1135 ||| SHOPLISTING amulet of faith (480 gold, have 63).
  1135 | D:2      | 1135 ||| SHOPLISTING ring of fire (300 gold, have 63).
  1135 | D:2      | 1135 ||| SHOPLISTING ring of ice (300 gold, have 63).
  1135 | D:2      | 1135 ||| SHOPLISTING ring of positive energy (240 gold,
                  | have 63).
  1579 | D:2      | 1579 ||| READING scroll labelled NIUBIO VIFUO.
  1580 | D:2      | 1580 ||| READING scroll labelled SYBARGH AJITYDEK.
  1661 | D:3      | Reached skill level 3 in Fighting
  1661 | D:3      | Reached XP level 4. HP: 27/28 MP: 4/4
  1673 | D:3      | Found a runed translucent gate.
  1673 | D:3      | Found a runed translucent gate.
  1673 | D:3      | Found a runed translucent gate.
  1677 | D:3      | Noticed qw's ghost (amateur MiHu)
  1677 | D:3      | Noticed qw's ghost (amateur MiHu)
  1836 | D:3      | 1836 ||| FLEEEEING.
  1841 | D:3      | 1841 ||| FLEEEEING.
  1845 | D:3      | 1845 ||| FLEEEEING.
  1846 | D:3      | 1846 ||| FLEEEEING.
  1847 | D:3      | 1847 ||| FLEEEEING.
  1848 | D:3      | 1848 ||| FLEEEEING.
  1849 | D:3      | 1849 ||| FLEEEEING.
  1877 | D:3      | 1877 ||| FLEEEEING.
  1878 | D:3      | 1878 ||| STAIRDANCE
  1948 | D:2      | 1948 ||| UPGRADING to ring of positive energy.
  1949 | D:2      | 1949 ||| UPGRADING to ring of willpower.
  1950 | D:2      | 1950 ||| READING scroll labelled AMOTHRUPHIECE.
  1951 | D:2      | 1951 ||| READING scroll labelled MUAXAR XAAHOBB.
  1956 | D:3      | 1956 ||| STAIRDANCE
  2123 | D:3      | Found a shimmering blue altar of Sif Muna.
  2290 | D:3      | 2290 ||| UPGRADING to +0 ring mail.
  2300 | D:3      | 2300 ||| DROPPING +0 leather armour.
  2301 | D:3      | 2301 ||| DRINKING 2 viscous inky potions.
  2302 | D:3      | 2302 ||| DRINKING 2 yellow potions.
  2303 | D:3      | 2303 ||| DROPPING potion of degeneration.
  2349 | D:4      | Reached XP level 5. HP: 32/32 MP: 5/5
  2365 | D:4      | Reached skill level 1 in Armour
  2368 | D:4      | Found a staircase to the Ecumenical Temple.
  2369 | D:4      | 2369 ||| PLANNING TEMPLE
  2369 | D:4      | 2369 ||| READING scroll labelled POOGU WULETSU.
  2373 | D:4      | 2373 ||| Stepping randomly (stuck).
  2377 | D:4      | 2377 ||| Stepping ~*~*~tactically~*~*~ (outnumbered).
  2386 | D:4      | Reached skill level 6 in Ranged Weapons
  2397 | D:4      | 2397 ||| Stepping randomly (stuck).
  2398 | D:4      | 2398 ||| Stepping randomly (stuck).
  2399 | D:4      | 2399 ||| Stepping randomly (stuck).
  2400 | D:4      | 2400 ||| Stepping randomly (stuck).
  2401 | D:4      | 2401 ||| Stepping randomly (stuck).
  2402 | D:4      | 2402 ||| Stepping randomly (stuck).
  2403 | D:4      | 2403 ||| Stepping randomly (stuck).
  2404 | D:4      | 2404 ||| Stepping randomly (stuck).
  2405 | D:4      | 2405 ||| Stepping randomly (stuck).
  2406 | D:4      | 2406 ||| Stepping randomly (stuck).
  2407 | D:4      | 2407 ||| Stepping randomly (stuck).
  2408 | D:4      | 2408 ||| Stepping randomly (stuck).
  2409 | D:4      | 2409 ||| Stepping randomly (stuck).
  2410 | D:4      | 2410 ||| Stepping randomly (stuck).
  2411 | D:4      | 2411 ||| Stepping randomly (stuck).
  2412 | D:4      | 2412 ||| Stepping randomly (stuck).
  2413 | D:4      | 2413 ||| Stepping randomly (stuck).
  2414 | D:4      | 2414 ||| Stepping randomly (stuck).
  2415 | D:4      | 2415 ||| Stepping randomly (stuck).
  2416 | D:4      | 2416 ||| Stepping randomly (stuck).
  2417 | D:4      | 2417 ||| Stepping randomly (stuck).
  2418 | D:4      | 2418 ||| Stepping randomly (stuck).
  2419 | D:4      | 2419 ||| Stepping randomly (stuck).
  2420 | D:4      | 2420 ||| Stepping randomly (stuck).
  2421 | D:4      | 2421 ||| Stepping randomly (stuck).
  2422 | D:4      | 2422 ||| Stepping randomly (stuck).
  2423 | D:4      | 2423 ||| Stepping randomly (stuck).
  2424 | D:4      | 2424 ||| Stepping randomly (stuck).
  2425 | D:4      | 2425 ||| Stepping randomly (stuck).
  2426 | D:4      | 2426 ||| Stepping randomly (stuck).
  2427 | D:4      | 2427 ||| Stepping randomly (stuck).
  2428 | D:4      | 2428 ||| Stepping randomly (stuck).
  2429 | D:4      | 2429 ||| Stepping randomly (stuck).
  2430 | D:4      | 2430 ||| Stepping randomly (stuck).
  2431 | D:4      | 2431 ||| Stepping randomly (stuck).
  2432 | D:4      | 2432 ||| Stepping randomly (stuck).
  2433 | D:4      | 2433 ||| Stepping randomly (stuck).
  2434 | D:4      | 2434 ||| Stepping randomly (stuck).
  2435 | D:4      | 2435 ||| Stepping randomly (stuck).
  2436 | D:4      | 2436 ||| Stepping randomly (stuck).
  2437 | D:4      | 2437 ||| Stepping randomly (stuck).
  2438 | D:4      | 2438 ||| Stepping randomly (stuck).
  2439 | D:4      | 2439 ||| Stepping randomly (stuck).
  2440 | D:4      | 2440 ||| Stepping randomly (stuck).
  2490 | D:4      | 2490 ||| Stepping randomly (stuck).
  2491 | D:4      | 2491 ||| Stepping randomly (stuck).
  2492 | D:4      | 2492 ||| Stepping randomly (stuck).
  2493 | D:4      | 2493 ||| Stepping randomly (stuck).
  2494 | D:4      | 2494 ||| Stepping randomly (stuck).
  2495 | D:4      | 2495 ||| Stepping randomly (stuck).
  2496 | D:4      | 2496 ||| Stepping randomly (stuck).
  2497 | D:4      | 2497 ||| Stepping randomly (stuck).
  2498 | D:4      | 2498 ||| Stepping randomly (stuck).
  2499 | D:4      | 2499 ||| Stepping randomly (stuck).
  2500 | D:4      | 2500 ||| Stepping randomly (stuck).
  2501 | D:4      | 2501 ||| Stepping randomly (stuck).
  2502 | D:4      | 2502 ||| Stepping randomly (stuck).
  2503 | D:4      | 2503 ||| Stepping randomly (stuck).
  2504 | D:4      | 2504 ||| Stepping randomly (stuck).
  2505 | D:4      | 2505 ||| Stepping randomly (stuck).
  2506 | D:4      | 2506 ||| Stepping randomly (stuck).
  2507 | D:4      | 2507 ||| Stepping randomly (stuck).
  2508 | D:4      | 2508 ||| Stepping randomly (stuck).
  2509 | D:4      | 2509 ||| Stepping randomly (stuck).
  2510 | D:4      | 2510 ||| Stepping randomly (stuck).
  2511 | D:4      | 2511 ||| Stepping randomly (stuck).
  2512 | D:4      | 2512 ||| Stepping randomly (stuck).
  2513 | D:4      | 2513 ||| Stepping randomly (stuck).
  2514 | D:4      | 2514 ||| Stepping randomly (stuck).
  2515 | D:4      | 2515 ||| Stepping randomly (stuck).
  2516 | D:4      | 2516 ||| Stepping randomly (stuck).
  2517 | D:4      | 2517 ||| Stepping randomly (stuck).
  2518 | D:4      | 2518 ||| Stepping randomly (stuck).
  2519 | D:4      | 2519 ||| Stepping randomly (stuck).
  2520 | D:4      | 2520 ||| Stepping randomly (stuck).
  2521 | D:4      | 2521 ||| Stepping randomly (stuck).
  2522 | D:4      | 2522 ||| Stepping randomly (stuck).
  2523 | D:4      | 2523 ||| Stepping randomly (stuck).
  2524 | D:4      | 2524 ||| Stepping randomly (stuck).
  2525 | D:4      | 2525 ||| Stepping randomly (stuck).
  2526 | D:4      | 2526 ||| Stepping randomly (stuck).
  2527 | D:4      | 2527 ||| Stepping randomly (stuck).
  2528 | D:4      | 2528 ||| Stepping randomly (stuck).
  2529 | D:4      | 2529 ||| Stepping randomly (stuck).
  2530 | D:4      | 2530 ||| Stepping randomly (stuck).
  2531 | D:4      | 2531 ||| Stepping randomly (stuck).
  2532 | D:4      | 2532 ||| Stepping randomly (stuck).
  2533 | D:4      | 2533 ||| Stepping randomly (stuck).
  2534 | D:4      | 2534 ||| Stepping randomly (stuck).
  2535 | D:4      | 2535 ||| Stepping randomly (stuck).
  2536 | D:4      | 2536 ||| Stepping randomly (stuck).
  2537 | D:4      | 2537 ||| Stepping randomly (stuck).
  2538 | D:4      | 2538 ||| Stepping randomly (stuck).
  2539 | D:4      | 2539 ||| Stepping randomly (stuck).
  2540 | D:4      | 2540 ||| Stepping randomly (stuck).
  2541 | D:4      | 2541 ||| Stepping randomly (stuck).
  2542 | D:4      | 2542 ||| Stepping randomly (stuck).
  2543 | D:4      | 2543 ||| Stepping randomly (stuck).
  2544 | D:4      | 2544 ||| Stepping randomly (stuck).
  2545 | D:4      | 2545 ||| Stepping randomly (stuck).
  2546 | D:4      | 2546 ||| Stepping randomly (stuck).
  2547 | D:4      | 2547 ||| Stepping randomly (stuck).
  2548 | D:4      | 2548 ||| Stepping randomly (stuck).
  2549 | D:4      | 2549 ||| Stepping randomly (stuck).
  2550 | D:4      | 2550 ||| Stepping randomly (stuck).
  2551 | D:4      | 2551 ||| Stepping randomly (stuck).
  2552 | D:4      | 2552 ||| Stepping randomly (stuck).
  2553 | D:4      | 2553 ||| Stepping randomly (stuck).
  2554 | D:4      | 2554 ||| Stepping randomly (stuck).
  2555 | D:4      | 2555 ||| Stepping randomly (stuck).
  2556 | D:4      | 2556 ||| Stepping randomly (stuck).
  2557 | D:4      | 2557 ||| Stepping randomly (stuck).
  2558 | D:4      | 2558 ||| Stepping randomly (stuck).
  2559 | D:4      | 2559 ||| Stepping randomly (stuck).
  2560 | D:4      | 2560 ||| Stepping randomly (stuck).
  2561 | D:4      | 2561 ||| Stepping randomly (stuck).
  2562 | D:4      | 2562 ||| Stepping randomly (stuck).
  2563 | D:4      | 2563 ||| Stepping randomly (stuck).
  2564 | D:4      | 2564 ||| Stepping randomly (stuck).
  2565 | D:4      | 2565 ||| Stepping randomly (stuck).
  2566 | D:4      | 2566 ||| Stepping randomly (stuck).
  2567 | D:4      | 2567 ||| Stepping randomly (stuck).
  2568 | D:4      | 2568 ||| Stepping randomly (stuck).
  2571 | D:4      | 2571 ||| Stepping randomly (stuck).
  2572 | D:4      | 2572 ||| Stepping randomly (stuck).
  2576 | D:4      | 2576 ||| Stepping randomly (stuck).
  2577 | D:4      | 2577 ||| Stepping randomly (stuck).
  2578 | D:4      | 2578 ||| Stepping randomly (stuck).
  2579 | D:4      | 2579 ||| Stepping randomly (stuck).
  2580 | D:4      | 2580 ||| Stepping randomly (stuck).
  2581 | D:4      | 2581 ||| Stepping randomly (stuck).
  2582 | D:4      | 2582 ||| Stepping randomly (stuck).
  2583 | D:4      | 2583 ||| Stepping randomly (stuck).
  2584 | D:4      | 2584 ||| Stepping randomly (stuck).
  2585 | D:4      | 2585 ||| Stepping randomly (stuck).
  2586 | D:4      | 2586 ||| Stepping randomly (stuck).
  2587 | D:4      | 2587 ||| Stepping randomly (stuck).
  2588 | D:4      | 2588 ||| Stepping randomly (stuck).
  2589 | D:4      | 2589 ||| Stepping randomly (stuck).
  2591 | D:4      | 2591 ||| Stepping randomly (stuck).
  2592 | D:4      | 2592 ||| Stepping randomly (stuck).
  2593 | D:4      | 2593 ||| Stepping randomly (stuck).
  2594 | D:4      | 2594 ||| Stepping randomly (stuck).
  2595 | D:4      | 2595 ||| Stepping randomly (stuck).
  2596 | D:4      | 2596 ||| Stepping randomly (stuck).
  2597 | D:4      | 2597 ||| Stepping randomly (stuck).
  2598 | D:4      | 2598 ||| Stepping randomly (stuck).
  2599 | D:4      | 2599 ||| Stepping randomly (stuck).
  2600 | D:4      | 2600 ||| Stepping randomly (stuck).
  2601 | D:4      | 2601 ||| Stepping randomly (stuck).
  2602 | D:4      | 2602 ||| Stepping randomly (stuck).
  2603 | D:4      | 2603 ||| Stepping randomly (stuck).
  2604 | D:4      | 2604 ||| Stepping randomly (stuck).
  2605 | D:4      | 2605 ||| Stepping randomly (stuck).
  2606 | D:4      | 2606 ||| Stepping randomly (stuck).
  2607 | D:4      | 2607 ||| Stepping randomly (stuck).
  2608 | D:4      | 2608 ||| Stepping randomly (stuck).
  2609 | D:4      | 2609 ||| Stepping randomly (stuck).
  2610 | D:4      | 2610 ||| Stepping randomly (stuck).
  2611 | D:4      | 2611 ||| Stepping randomly (stuck).
  2612 | D:4      | 2612 ||| Stepping randomly (stuck).
  2613 | D:4      | 2613 ||| Stepping randomly (stuck).
  2614 | D:4      | 2614 ||| Stepping randomly (stuck).
  2615 | D:4      | 2615 ||| Stepping randomly (stuck).
  2616 | D:4      | 2616 ||| Stepping randomly (stuck).
  2617 | D:4      | 2617 ||| Stepping randomly (stuck).
  2618 | D:4      | 2618 ||| Stepping randomly (stuck).
  2619 | D:4      | 2619 ||| Stepping randomly (stuck).
  2620 | D:4      | 2620 ||| Stepping randomly (stuck).
  2621 | D:4      | 2621 ||| Stepping randomly (stuck).
  2622 | D:4      | 2622 ||| Stepping randomly (stuck).
  2623 | D:4      | 2623 ||| Stepping randomly (stuck).
  2624 | D:4      | 2624 ||| Stepping randomly (stuck).
  2625 | D:4      | 2625 ||| Stepping randomly (stuck).
  2626 | D:4      | 2626 ||| Stepping randomly (stuck).
  2627 | D:4      | 2627 ||| Stepping randomly (stuck).
  2628 | D:4      | 2628 ||| Stepping randomly (stuck).
  2629 | D:4      | 2629 ||| Stepping randomly (stuck).
  2630 | D:4      | 2630 ||| Stepping randomly (stuck).
  2631 | D:4      | 2631 ||| Stepping randomly (stuck).
  2632 | D:4      | 2632 ||| Stepping randomly (stuck).
  2633 | D:4      | 2633 ||| Stepping randomly (stuck).
  2634 | D:4      | 2634 ||| Stepping randomly (stuck).
  2635 | D:4      | 2635 ||| Stepping randomly (stuck).
  2636 | D:4      | 2636 ||| Stepping randomly (stuck).
  2637 | D:4      | 2637 ||| Stepping randomly (stuck).
  2638 | D:4      | 2638 ||| Stepping randomly (stuck).
  2639 | D:4      | 2639 ||| Stepping randomly (stuck).
  2640 | D:4      | 2640 ||| Stepping randomly (stuck).
  2641 | D:4      | 2641 ||| Stepping randomly (stuck).
  2642 | D:4      | 2642 ||| Stepping randomly (stuck).
  2643 | D:4      | 2643 ||| Stepping randomly (stuck).
  2644 | D:4      | 2644 ||| Stepping randomly (stuck).
  2645 | D:4      | 2645 ||| Stepping randomly (stuck).
  2646 | D:4      | 2646 ||| Stepping randomly (stuck).
  2647 | D:4      | 2647 ||| Stepping randomly (stuck).
  2648 | D:4      | 2648 ||| Stepping randomly (stuck).
  2649 | D:4      | 2649 ||| Stepping randomly (stuck).
  2650 | D:4      | 2650 ||| Stepping randomly (stuck).
  2651 | D:4      | 2651 ||| Stepping randomly (stuck).
  2652 | D:4      | 2652 ||| Stepping randomly (stuck).
  2653 | D:4      | 2653 ||| Stepping randomly (stuck).
  2654 | D:4      | 2654 ||| Stepping randomly (stuck).
  2655 | D:4      | 2655 ||| Stepping randomly (stuck).
  2656 | D:4      | 2656 ||| Stepping randomly (stuck).
  2657 | D:4      | 2657 ||| Stepping randomly (stuck).
  2658 | D:4      | 2658 ||| Stepping randomly (stuck).
  2659 | D:4      | 2659 ||| Stepping randomly (stuck).
  2660 | D:4      | 2660 ||| Stepping randomly (stuck).
  2661 | D:4      | 2661 ||| Stepping randomly (stuck).
  2662 | D:4      | 2662 ||| Stepping randomly (stuck).
  2663 | D:4      | 2663 ||| Stepping randomly (stuck).
  2664 | D:4      | 2664 ||| Stepping randomly (stuck).
  2665 | D:4      | 2665 ||| Stepping randomly (stuck).
  2666 | D:4      | 2666 ||| Stepping randomly (stuck).
  2667 | D:4      | 2667 ||| Stepping randomly (stuck).
  2668 | D:4      | 2668 ||| Stepping randomly (stuck).
  2669 | D:4      | 2669 ||| Stepping randomly (stuck).
  2670 | D:4      | 2670 ||| Stepping randomly (stuck).
  2671 | D:4      | 2671 ||| Stepping randomly (stuck).
  2672 | D:4      | 2672 ||| Stepping randomly (stuck).
  2673 | D:4      | 2673 ||| Stepping randomly (stuck).
  2674 | D:4      | 2674 ||| Stepping randomly (stuck).
  2675 | D:4      | 2675 ||| Stepping randomly (stuck).
  2676 | D:4      | 2676 ||| Stepping randomly (stuck).
  2677 | D:4      | 2677 ||| Stepping randomly (stuck).
  2678 | D:4      | 2678 ||| Stepping randomly (stuck).
  2679 | D:4      | 2679 ||| Stepping randomly (stuck).
  2680 | D:4      | 2680 ||| Stepping randomly (stuck).
  2681 | D:4      | 2681 ||| Stepping randomly (stuck).
  2682 | D:4      | 2682 ||| Stepping randomly (stuck).
  2683 | D:4      | 2683 ||| Stepping randomly (stuck).
  2684 | D:4      | 2684 ||| Stepping randomly (stuck).
  2685 | D:4      | 2685 ||| Stepping randomly (stuck).
  2686 | D:4      | 2686 ||| Stepping randomly (stuck).
  2687 | D:4      | 2687 ||| Stepping randomly (stuck).
  2688 | D:4      | 2688 ||| Stepping randomly (stuck).
  2689 | D:4      | 2689 ||| Stepping randomly (stuck).
  2690 | D:4      | 2690 ||| Stepping randomly (stuck).
  2691 | D:4      | 2691 ||| Stepping randomly (stuck).
  2692 | D:4      | 2692 ||| Stepping randomly (stuck).
  2693 | D:4      | 2693 ||| Stepping randomly (stuck).
  2694 | D:4      | 2694 ||| Stepping randomly (stuck).
  2695 | D:4      | 2695 ||| Stepping randomly (stuck).
  2696 | D:4      | 2696 ||| Stepping randomly (stuck).
  2697 | D:4      | 2697 ||| Stepping randomly (stuck).
  2698 | D:4      | 2698 ||| Stepping randomly (stuck).
  2699 | D:4      | 2699 ||| Stepping randomly (stuck).
  2700 | D:4      | 2700 ||| Stepping randomly (stuck).
  2701 | D:4      | 2701 ||| Stepping randomly (stuck).
  2702 | D:4      | 2702 ||| Stepping randomly (stuck).
  2703 | D:4      | 2703 ||| Stepping randomly (stuck).
  2704 | D:4      | 2704 ||| Stepping randomly (stuck).
  2705 | D:4      | 2705 ||| Stepping randomly (stuck).
  2706 | D:4      | 2706 ||| Stepping randomly (stuck).
  2707 | D:4      | 2707 ||| Stepping randomly (stuck).
  2708 | D:4      | 2708 ||| Stepping randomly (stuck).
  2709 | D:4      | 2709 ||| Stepping randomly (stuck).
  2710 | D:4      | 2710 ||| Stepping randomly (stuck).
  2711 | D:4      | 2711 ||| Stepping randomly (stuck).
  2712 | D:4      | 2712 ||| Stepping randomly (stuck).
  2713 | D:4      | 2713 ||| Stepping randomly (stuck).
  2714 | D:4      | 2714 ||| Stepping randomly (stuck).
  2715 | D:4      | 2715 ||| Stepping randomly (stuck).
  2716 | D:4      | 2716 ||| Stepping randomly (stuck).
  2717 | D:4      | 2717 ||| Stepping randomly (stuck).
  2718 | D:4      | 2718 ||| Stepping randomly (stuck).
  2719 | D:4      | 2719 ||| Stepping randomly (stuck).
  2720 | D:4      | 2720 ||| Stepping randomly (stuck).
  2721 | D:4      | 2721 ||| Stepping randomly (stuck).
  2722 | D:4      | 2722 ||| Stepping randomly (stuck).
  2723 | D:4      | 2723 ||| Stepping randomly (stuck).
  2724 | D:4      | 2724 ||| Stepping randomly (stuck).
  2725 | D:4      | 2725 ||| Stepping randomly (stuck).
  2726 | D:4      | 2726 ||| Stepping randomly (stuck).
  2727 | D:4      | 2727 ||| Stepping randomly (stuck).
  2728 | D:4      | 2728 ||| Stepping randomly (stuck).
  2729 | D:4      | 2729 ||| Stepping randomly (stuck).
  2730 | D:4      | 2730 ||| Stepping randomly (stuck).
  2731 | D:4      | 2731 ||| Stepping randomly (stuck).
  2732 | D:4      | 2732 ||| Stepping randomly (stuck).
  2733 | D:4      | 2733 ||| Stepping randomly (stuck).
  2734 | D:4      | 2734 ||| Stepping randomly (stuck).
  2735 | D:4      | 2735 ||| Stepping randomly (stuck).
  2736 | D:4      | 2736 ||| Stepping randomly (stuck).
  2737 | D:4      | 2737 ||| Stepping randomly (stuck).
  2738 | D:4      | 2738 ||| Stepping randomly (stuck).
  2739 | D:4      | 2739 ||| Stepping randomly (stuck).
  2740 | D:4      | 2740 ||| Stepping randomly (stuck).
  2741 | D:4      | 2741 ||| Stepping randomly (stuck).
  2742 | D:4      | 2742 ||| Stepping randomly (stuck).
  2743 | D:4      | 2743 ||| Stepping randomly (stuck).
  2744 | D:4      | 2744 ||| Stepping randomly (stuck).
  2745 | D:4      | 2745 ||| Stepping randomly (stuck).
  2746 | D:4      | 2746 ||| Stepping randomly (stuck).
  2747 | D:4      | 2747 ||| Stepping randomly (stuck).
  2748 | D:4      | 2748 ||| Stepping randomly (stuck).
  2749 | D:4      | 2749 ||| Stepping randomly (stuck).
  2750 | D:4      | 2750 ||| Stepping randomly (stuck).
  2751 | D:4      | 2751 ||| Stepping randomly (stuck).
  2752 | D:4      | 2752 ||| Stepping randomly (stuck).
  2753 | D:4      | 2753 ||| Stepping randomly (stuck).
  2754 | D:4      | 2754 ||| Stepping randomly (stuck).
  2755 | D:4      | 2755 ||| Stepping randomly (stuck).
  2756 | D:4      | 2756 ||| Stepping randomly (stuck).
  2757 | D:4      | 2757 ||| Stepping randomly (stuck).
  2758 | D:4      | 2758 ||| Stepping randomly (stuck).
  2759 | D:4      | 2759 ||| Stepping randomly (stuck).
  2760 | D:4      | 2760 ||| Stepping randomly (stuck).
  2761 | D:4      | 2761 ||| Stepping randomly (stuck).
  2762 | D:4      | 2762 ||| Stepping randomly (stuck).
  2763 | D:4      | 2763 ||| Stepping randomly (stuck).
  2764 | D:4      | 2764 ||| Stepping randomly (stuck).
  2765 | D:4      | 2765 ||| Stepping randomly (stuck).
  2767 | D:4      | 2767 ||| Stepping randomly (stuck).
  2768 | D:4      | 2768 ||| Stepping randomly (stuck).
  2769 | D:4      | 2769 ||| Stepping randomly (stuck).
  2770 | D:4      | 2770 ||| Stepping randomly (stuck).
  2771 | D:4      | 2771 ||| Stepping randomly (stuck).
  2772 | D:4      | 2772 ||| Stepping randomly (stuck).
  2773 | D:4      | 2773 ||| Stepping randomly (stuck).
  2774 | D:4      | 2774 ||| Stepping randomly (stuck).
  2775 | D:4      | 2775 ||| Stepping randomly (stuck).
  2776 | D:4      | 2776 ||| Stepping randomly (stuck).
  2777 | D:4      | 2777 ||| Stepping randomly (stuck).
  2778 | D:4      | 2778 ||| Stepping randomly (stuck).
  2779 | D:4      | 2779 ||| Stepping randomly (stuck).
  2780 | D:4      | 2780 ||| Stepping randomly (stuck).
  2781 | D:4      | 2781 ||| Stepping randomly (stuck).
  2782 | D:4      | 2782 ||| Stepping randomly (stuck).
  2783 | D:4      | 2783 ||| Stepping randomly (stuck).
  2784 | D:4      | 2784 ||| Stepping randomly (stuck).
  2785 | D:4      | 2785 ||| Stepping randomly (stuck).
  2786 | D:4      | 2786 ||| Stepping randomly (stuck).
  2787 | D:4      | 2787 ||| Stepping randomly (stuck).
  2788 | D:4      | 2788 ||| Stepping randomly (stuck).
  2789 | D:4      | 2789 ||| Stepping randomly (stuck).
  2790 | D:4      | 2790 ||| Stepping randomly (stuck).
  2791 | D:4      | 2791 ||| Stepping randomly (stuck).
  2792 | D:4      | 2792 ||| Stepping randomly (stuck).
  2793 | D:4      | 2793 ||| Stepping randomly (stuck).
  2794 | D:4      | 2794 ||| Stepping randomly (stuck).
  2795 | D:4      | 2795 ||| Stepping randomly (stuck).
  2796 | D:4      | 2796 ||| Stepping randomly (stuck).
  2797 | D:4      | 2797 ||| Stepping randomly (stuck).
  2798 | D:4      | 2798 ||| Stepping randomly (stuck).
  2799 | D:4      | 2799 ||| Stepping randomly (stuck).
  2800 | D:4      | 2800 ||| Stepping randomly (stuck).
  2801 | D:4      | 2801 ||| Stepping randomly (stuck).
  2802 | D:4      | 2802 ||| Stepping randomly (stuck).
  2803 | D:4      | 2803 ||| Stepping randomly (stuck).
  2804 | D:4      | 2804 ||| Stepping randomly (stuck).
  2805 | D:4      | 2805 ||| Stepping randomly (stuck).
  2806 | D:4      | 2806 ||| Stepping randomly (stuck).
  2807 | D:4      | 2807 ||| Stepping randomly (stuck).
  2808 | D:4      | 2808 ||| Stepping randomly (stuck).
  2809 | D:4      | 2809 ||| Stepping randomly (stuck).
  2810 | D:4      | 2810 ||| Stepping randomly (stuck).
  2811 | D:4      | 2811 ||| Stepping randomly (stuck).
  2812 | D:4      | 2812 ||| Stepping randomly (stuck).
  2813 | D:4      | 2813 ||| Stepping randomly (stuck).
  2814 | D:4      | 2814 ||| Stepping randomly (stuck).
  2815 | D:4      | 2815 ||| Stepping randomly (stuck).
  2816 | D:4      | 2816 ||| Stepping randomly (stuck).
  2817 | D:4      | 2817 ||| Stepping randomly (stuck).
  2818 | D:4      | 2818 ||| Stepping randomly (stuck).
  2819 | D:4      | 2819 ||| Stepping randomly (stuck).
  2820 | D:4      | 2820 ||| Stepping randomly (stuck).
  2821 | D:4      | 2821 ||| Stepping randomly (stuck).
  2822 | D:4      | 2822 ||| Stepping randomly (stuck).
  2823 | D:4      | 2823 ||| Stepping randomly (stuck).
  2824 | D:4      | 2824 ||| Stepping randomly (stuck).
  2825 | D:4      | 2825 ||| Stepping randomly (stuck).
  2826 | D:4      | 2826 ||| Stepping randomly (stuck).
  2827 | D:4      | 2827 ||| Stepping randomly (stuck).
  2828 | D:4      | 2828 ||| Stepping randomly (stuck).
  2829 | D:4      | 2829 ||| Stepping randomly (stuck).
  2830 | D:4      | 2830 ||| Stepping randomly (stuck).
  2831 | D:4      | 2831 ||| Stepping randomly (stuck).
  2832 | D:4      | 2832 ||| Stepping randomly (stuck).
  2833 | D:4      | 2833 ||| Stepping randomly (stuck).
  2834 | D:4      | 2834 ||| Stepping randomly (stuck).
  2835 | D:4      | 2835 ||| Stepping randomly (stuck).
  2836 | D:4      | 2836 ||| Stepping randomly (stuck).
  2837 | D:4      | 2837 ||| Stepping randomly (stuck).
  2838 | D:4      | 2838 ||| Stepping randomly (stuck).
  2839 | D:4      | 2839 ||| Stepping randomly (stuck).
  2840 | D:4      | 2840 ||| Stepping randomly (stuck).
  2841 | D:4      | 2841 ||| Stepping randomly (stuck).
  2842 | D:4      | 2842 ||| Stepping randomly (stuck).
  2843 | D:4      | 2843 ||| Stepping randomly (stuck).
  2844 | D:4      | 2844 ||| Stepping randomly (stuck).
  2845 | D:4      | 2845 ||| Stepping randomly (stuck).
  2846 | D:4      | 2846 ||| Stepping randomly (stuck).
  2847 | D:4      | 2847 ||| Stepping randomly (stuck).
  2848 | D:4      | 2848 ||| Stepping randomly (stuck).
  2849 | D:4      | 2849 ||| Stepping randomly (stuck).
  2850 | D:4      | 2850 ||| Stepping randomly (stuck).
  2851 | D:4      | 2851 ||| Stepping randomly (stuck).
  2852 | D:4      | 2852 ||| Stepping randomly (stuck).
  2853 | D:4      | 2853 ||| Stepping randomly (stuck).
  2854 | D:4      | 2854 ||| Stepping randomly (stuck).
  2855 | D:4      | 2855 ||| Stepping randomly (stuck).
  2856 | D:4      | 2856 ||| Stepping randomly (stuck).
  2857 | D:4      | 2857 ||| Stepping randomly (stuck).
  2858 | D:4      | 2858 ||| Stepping randomly (stuck).
  2859 | D:4      | 2859 ||| Stepping randomly (stuck).
  2860 | D:4      | 2860 ||| Stepping randomly (stuck).
  2861 | D:4      | 2861 ||| Stepping randomly (stuck).
  2862 | D:4      | 2862 ||| Stepping randomly (stuck).
  2863 | D:4      | 2863 ||| Stepping randomly (stuck).
  2864 | D:4      | 2864 ||| Stepping randomly (stuck).
  2865 | D:4      | 2865 ||| Stepping randomly (stuck).
  2866 | D:4      | 2866 ||| Stepping randomly (stuck).
  2867 | D:4      | 2867 ||| Stepping randomly (stuck).
  2868 | D:4      | 2868 ||| Stepping randomly (stuck).
  2869 | D:4      | 2869 ||| Stepping randomly (stuck).
  2870 | D:4      | 2870 ||| Stepping randomly (stuck).
  2871 | D:4      | 2871 ||| Stepping randomly (stuck).
  2872 | D:4      | 2872 ||| Stepping randomly (stuck).
  2873 | D:4      | 2873 ||| Stepping randomly (stuck).
  2874 | D:4      | 2874 ||| Stepping randomly (stuck).
  2875 | D:4      | 2875 ||| Stepping randomly (stuck).
  2876 | D:4      | 2876 ||| Stepping randomly (stuck).
  2877 | D:4      | 2877 ||| Stepping randomly (stuck).
  2878 | D:4      | 2878 ||| Stepping randomly (stuck).
  2879 | D:4      | 2879 ||| Stepping randomly (stuck).
  2880 | D:4      | 2880 ||| Stepping randomly (stuck).
  2881 | D:4      | 2881 ||| Stepping randomly (stuck).
  2882 | D:4      | 2882 ||| Stepping randomly (stuck).
  2883 | D:4      | 2883 ||| Stepping randomly (stuck).
  2884 | D:4      | 2884 ||| Stepping randomly (stuck).
  2885 | D:4      | 2885 ||| Stepping randomly (stuck).
  2886 | D:4      | 2886 ||| Stepping randomly (stuck).
  2887 | D:4      | 2887 ||| Stepping randomly (stuck).
  2888 | D:4      | 2888 ||| Stepping randomly (stuck).
  2889 | D:4      | 2889 ||| Stepping randomly (stuck).
  2890 | D:4      | 2890 ||| Stepping randomly (stuck).
  2891 | D:4      | 2891 ||| Stepping randomly (stuck).
  2892 | D:4      | 2892 ||| Stepping randomly (stuck).
  2893 | D:4      | 2893 ||| Stepping randomly (stuck).
  2894 | D:4      | 2894 ||| Stepping randomly (stuck).
  2895 | D:4      | 2895 ||| Stepping randomly (stuck).
  2896 | D:4      | 2896 ||| Stepping randomly (stuck).
  2897 | D:4      | 2897 ||| Stepping randomly (stuck).
  2898 | D:4      | 2898 ||| Stepping randomly (stuck).
  2899 | D:4      | 2899 ||| Stepping randomly (stuck).
  2900 | D:4      | 2900 ||| Stepping randomly (stuck).
  2901 | D:4      | 2901 ||| Stepping randomly (stuck).
  2902 | D:4      | 2902 ||| Stepping randomly (stuck).
  2903 | D:4      | 2903 ||| Stepping randomly (stuck).
  2904 | D:4      | 2904 ||| Stepping randomly (stuck).
  2905 | D:4      | 2905 ||| Stepping randomly (stuck).
  2906 | D:4      | 2906 ||| Stepping randomly (stuck).
  2907 | D:4      | 2907 ||| Stepping randomly (stuck).
  2908 | D:4      | 2908 ||| Stepping randomly (stuck).
  2909 | D:4      | 2909 ||| Stepping randomly (stuck).
  2910 | D:4      | 2910 ||| Stepping randomly (stuck).
  2911 | D:4      | 2911 ||| Stepping randomly (stuck).
  2912 | D:4      | 2912 ||| Stepping randomly (stuck).
  2913 | D:4      | 2913 ||| Stepping randomly (stuck).
  2914 | D:4      | 2914 ||| Stepping randomly (stuck).
  2915 | D:4      | 2915 ||| Stepping randomly (stuck).
  2916 | D:4      | 2916 ||| Stepping randomly (stuck).
  2916 | D:4      | 2916 ||| PLANNING TEMPLE
  2950 | Temple   | Entered the Ecumenical Temple
  3035 | Temple   | 3035 ||| PLANNING OKAWARU WORSHIP
  3117 | Temple   | Became a worshipper of Warmaster Okawaru
  3117 | Temple   | 3117 ||| PLANNING D:1-11
  3152 | D:4      | Noticed an ogre
  3157 | D:4      | HP: 1/32 [ogre/+0 giant club (20)]
  3161 | D:4      | Annihilated by an ogre

Levels and vault maps discovered:
D:1:      psy_arrival_whirlpool, layout_loops_ring
D:2:      layout_basic, serial_shops, nicolae_shop_gaudy_bauble,
          minmay_misc_feat_room, minivault_19, guppyfry_early_lair_pool
D:3:      layout_rooms, mainiacjoe_overflow_tiny_flanked,
          gammafunk_ghost_cemetery
D:4:      layout_loops_ring, led_xom_imps, minmay_temple_entry_tees
Temple:   hellmonk_temple_forest_ring

Skill      XL: |  1  2  3  4  5 |
---------------+----------------+-----
Ranged Weapons | 5 6 |  6.1
Fighting       | 3 |  3.5
Armour         | 1 |  1.0
Dodging        | |  1.5
Stealth        | |  1.1

Action                     |  1- 3 |  4- 6 || total
---------------------------+-------+-------++-------
   Fire: Shortbow          |   106 |   121 ||   227
    Use: Scroll            |     3 |     3 ||     6
         Potion            |       |     2 ||     2
 Armour: Leather armour    |    19 |    24 ||    43
         Ring mail         |       |    20 ||    20
  Dodge: Dodged            |    22 |    36 ||    58

Table legend:
 A = Non-vault XP
 B = Vault XP
 C = Vault XP percentage of total XP
 D = Non-vault monster count
 E = Vault monster count
 F = Vault count percentage of total count
                 A         B        C        D         E       F
            +---------+---------+-------+---------+---------+-------
      Total |     280 |       0 |   0.0 |      68 |       0 |   0.0
            +---------+---------+-------+---------+---------+-------
        D:1 |      45 |       0 |   0.0 |      24 |       0 |   0.0
        D:2 |      56 |       0 |   0.0 |      14 |       0 |   0.0
        D:3 |      54 |       0 |   0.0 |      16 |       0 |   0.0
        D:4 |     125 |       0 |   0.0 |      14 |       0 |   0.0
            +---------+---------+-------+---------+---------+-------
